AoeStats
← DEMOCRATIZADOR_666

Golden Pit

503327770Analyzed
1v1 RM · 2mo ago on Aug 31, 2026· 40m 53s· 2 players
Game mode
Random Map
Map size
Tiny (2 player)
Population
200
Speed
Normal
Resources
Standard
Victory
Conquest
Starting age
Dark Age
Ending age
Imperial Age
RankedLock teamsTeams togetherTeam positionsShared explorationLock speedFull tech treeHidden civsTurbo modeCheats
Victory
Defeat
🇺🇸 Burmese · United States
986
+15
vs
🇦🇷 Goths · Argentina
961
-15
DEMOCRATIZADOR_666
9:15 Feudal Age
12:51 Man-at-Arms
22:10 Castle Age
22:19 Fletching
29:13 Crossbowman
33:17 Bodkin Arrow
33:23 Padded Archer Armor
36:17 Leather Archer Armor
Quilted Codpiece
9:04 Loom
11:18 Feudal Age
15:30 Castle Age
16:34 Horse Collar
26:03 Gold Mining
27:16 Padded Archer Armor
28:59 Bloodlines
28:53 Husbandry
32:09 Scale Barding Armor
32:14 Manipur Cavalry
35:16 Chain Barding Armor
35:07 Forging
37:45 Imperial Age
36:58 Gold Shaft Mining
36:13 Stone Mining
38:55 Wheelbarrow
38:33 Howdah
40:14 Plate Barding Armor
41:52 Iron Casting
Connection lost

Rejoining the realm…

Still unreachable

The connection could not be restored.

Session expired

The server has moved on; the page needs a fresh start.